AoeStats
← Bashful_Burrito

Lombardia

508086307Analyzed
2v2 RM · 10d ago on Sep 20, 2026· 48m 6s· 4 players
Game mode
Random Map
Map size
Medium (4 player)
Population
200
Speed
Normal
Resources
Standard
Victory
Conquest
Starting age
Dark Age
Ending age
Imperial Age
RankedLock teamsTeams togetherTeam positionsShared explorationLock speedFull tech treeHidden civsTurbo modeCheats
Victory
Defeat
🇨🇦 Hindustanis · Canada
1266
+8
🇩🇪 Vietnamese · Germany
819
+26
🇨🇴 Saracens · Colombia
1084
-18
🇺🇸 Magyars · United States
1042
-16
Gruffalo
10:52 Feudal Age
9:08 Loom
12:46 Double-Bit Axe
15:19 Wheelbarrow
18:51 Castle Age
17:01 Gold Mining
17:05 Horse Collar
18:30 Scale Barding Armor
20:27 Forging
22:12 Bloodlines
24:03 Stone Mining
26:22 Town Watch
28:44 Bow Saw
30:52 Fletching
32:41 Heavy Plow
38:09 Imperial Age
36:51 Iron Casting
38:09 Gold Shaft Mining
42:14 Chemistry
42:46 Conscription
42:44 Padded Archer Armor
42:40 Bodkin Arrow
42:09 Elite Skirmisher
42:37 Light Cavalry
43:18 Husbandry
44:20 Blast Furnace
44:28 Bracer
44:58 Hussar
46:22 Ballistics
47:35 Leather Archer Armor
47:48 Grand Trunk Road
47:36 Hussar
Strietzel1895
0:33 Loom
13:20 Feudal Age
18:25 Man-at-Arms
21:34 Horse Collar
21:42 Double-Bit Axe
26:33 Castle Age
25:44 Fletching
26:27 Stone Mining
26:30 Gold Mining
26:56 Padded Archer Armor
27:10 Town Watch
26:50 Elite Skirmisher
27:19 Arson
28:31 Bow Saw
29:36 Squires
29:50 Forging
29:59 Heavy Plow
31:37 Wheelbarrow
31:42 Stone Shaft Mining
31:06 Crossbowman
31:48 Long Swordsman
33:17 Bodkin Arrow
34:17 Hand Cart
36:06 Caravan
36:11 Scale Mail Armor
37:53 Town Patrol
43:18 Imperial Age
41:37 Thumb Ring
44:01 Leather Archer Armor
44:09 Ballistics
43:30 Treadmill Crane
44:31 Bracer
45:36 Chemistry
45:47 Scale Barding Armor
46:45 Iron Casting
47:14 Bloodlines
47:06 Husbandry
47:41 Ring Archer Armor
46:35 Imperial Skirmisher
46:55 Two-Handed Swordsman
47:56 Pikeman
Bashful_Burrito
10:05 Feudal Age
10:36 Loom
11:41 Double-Bit Axe
14:26 Fletching
14:41 Horse Collar
21:33 Castle Age
21:38 Crossbowman
22:15 Bodkin Arrow
24:11 Thumb Ring
26:54 Wheelbarrow
27:29 Padded Archer Armor
29:56 Ballistics
31:49 Bow Saw
37:34 Imperial Age
35:57 Heavy Plow
36:19 Scale Barding Armor
36:30 Leather Archer Armor
38:14 Arbalester
44:44 Chemistry
48:42 Conscription
archarry86
7:07 Loom
9:48 Feudal Age
10:36 Double-Bit Axe
14:28 Wheelbarrow
20:13 Castle Age
20:19 Horse Collar
20:45 Gold Mining
20:30 Crossbowman
22:22 Bow Saw
27:49 Town Watch
35:20 Imperial Age
36:12 Heavy Plow
36:26 Capped Ram
38:45 Scale Barding Armor
38:50 Forging
41:43 Chemistry
41:04 Ballistics
40:26 Treadmill Crane
40:57 Masonry
42:18 Siege Engineers
41:53 Light Cavalry
42:44 Bloodlines
42:34 Husbandry
43:57 Conscription
45:34 Siege Ram
46:40 Onager
Connection lost

Rejoining the realm…

Still unreachable

The connection could not be restored.

Session expired

The server has moved on; the page needs a fresh start.